 Dungeon Crawl Stone Soup version 0.31.0-11-ge490571c62 (webtiles) character file.

Game seed: 11533357877709562664

957 Arcadio the Digger (level 8, -1/41 HPs)
             Began as a Gargoyle Earth Elementalist on Jan 27, 2024.
             Was a Follower of Sif Muna.
             Killed from afar by a steam dragon (7 damage)
             ... with a ball of steam
             ... on level 6 of the Dungeon.
             The game lasted 00:10:21 (5437 turns).

Arcadio the Digger (Gargoyle Earth Elementalist)    Turns: 5437, Time: 00:10:22

Health: -1/41      AC:  9    Str: 12    XL:     8   Next: 14%
Magic:  0/15       EV: 11    Int: 18    God:    Sif Muna [*.....]
Gold:   83         SH:  0    Dex: 10    Spells: 9/17 levels left

rFire   . . .        q - +2 dagger (venom)
rCold   . . .        (no shield)
rNeg    + . .        a - +0 robe
rPois   ∞            (no helmet)
rElec   +            e - +0 cloak
rCorr   .            (no gloves)
SInv    .            (no boots)
Will    .....        (no amulet)
Stlth   ++           (no ring)
HPRegen 0.26/turn    (no ring)
MPRegen 0.14/turn

%: no passive effects
@: no status effects
A: sickness immunity, AC +5, negative energy resistance 1, electricity
resistance, torment resistance 1, petrification resistance
a: Renounce Religion, Channel Magic


You were on level 6 of the Dungeon.
You worshipped Sif Muna.
Sif Muna was aware of your devotion.
You visited 1 branch of the dungeon, and saw 6 of its levels.

You collected 216 gold pieces.
You spent 133 gold pieces at shops.

Inventory:

Hand Weapons
 c - a +0 mace
 k - a +0 war axe
 q - a +2 dagger of venom (weapon)
Armour
 a - a +0 robe (worn)
 e - a +0 cloak (worn)
 v - a +0 buckler
Wands
 t - a wand of roots (8)
Scrolls
 d - 2 scrolls of vulnerability
 f - 2 scrolls of fog
 g - 2 scrolls of amnesia
 h - 3 scrolls of teleportation
 i - a scroll of poison {unknown}
 j - a scroll of revelation {unknown}
 m - a scroll of noise {unknown}
 u - a scroll of enchant armour {unknown}
 x - a scroll of blinking
Potions
 b - 2 potions of magic
 l - 3 potions of curing
 n - a potion of mutation
 o - a potion of degeneration {unknown}
 p - a potion of enlightenment {unknown}
 s - a potion of heal wounds {unknown}
 w - a potion of might {unknown}
 y - a potion of experience {unknown}


   Skills:
 + Level 5.6 Armour
 - Level 1.5 Dodging
 - Level 2.1 Stealth
 + Level 5.1 Spellcasting
 - Level 1.1 Conjurations
 + Level 7.2 Earth Magic


You had 9 spell levels left.
You knew the following spells:

 Your Spells              Type           Power      Damage    Failure   Level
a - Sandblast             Erth           60%        2d14      1%          1
b - Stone Arrow           Conj/Erth      38%        3d9       7%          3
c - Brom's Barrelling Bo  Conj/Erth      19%        2d4       24%         4

Your spell library contained the following spells:

 Spells                   Type           Power      Damage    Failure   Level
 Passwall                 Erth           30%        N/A       1%          3
 Kiss of Death            Conj/Necr      24%        2d7       11%         1
 Sting                    Conj/Alch      24%        1d4       11%         1
 Apportation              Tloc           8%         N/A       13%         1
 Necrotise                Necr           16%        1d4       13%         1
 Summon Small Mammal      Summ           16%        N/A       13%         1
 Petrify                  Alch/Erth      17%        N/A       30%         4
 Confusing Touch          Hex            4%         N/A       36%         3
 Dispel Undead            Necr           4%         3d7       78%         4
 Sculpt Simulacrum        Ice/Alch       2%         N/A       100%        6
 Ozocubu's Refrigeration  Ice            2%         4d7       100%        7
 Polar Vortex             Ice            2%         N/A       100%        9


Dungeon Overview and Level Annotations

Branches:
Dungeon (6/15)
 Temple: D:4-7

Altars:
Gozag
Nemelex Xobeh
Sif Muna
Vehumet
Xom
The Shining One

Shops:
D:5 ?

Annotations:
D:6 2 runed translucent doors


Innate Abilities, Weirdness & Mutations

You are immune to sickness and miasma.
Your stone body is resilient. (AC +5)
You are immune to poison.
You resist negative energy. (rN+)
You are resistant to electric shocks. (rElec)
You are resistant to unholy torment.
You are immune to petrification.


Message History

The steam dragon bites you. The steam dragon misses you.
You barely miss the steam dragon.
The steam dragon is heavily wounded.
You are engulfed in a cloud of scalding steam.
The steam dragon closely misses you.
The steam dragon claws you but does no damage.
Casting: Stone Arrow (dangerous; 7% risk of failure)
Confirm with . or Enter, or press ? or * to list all spells.
Aiming: Sandblast (safe; 1% risk of failure)
Press: ? - help, Shift-Dir - straight line, f/p - steam dragon
Aim: a steam dragon (heavily wounded, 84% to hit)
The blast of sand hits the steam dragon but does no damage.
The steam dragon is heavily wounded.
The steam dragon bites you.
The steam dragon claws you but does no damage.
Unknown command.
The steam dragon breathes steam at you. The ball of steam hits you!
* * * LOW HITPOINT WARNING * * *
The steam dragon breathes steam at you. The ball of steam misses you.
You fail to use your ability.
An iguana comes into view.
The steam dragon attacks as it pursues you!
The steam dragon bites you but does no damage.
The steam dragon misses you.
Casting: Sandblast (safe; 1% risk of failure)
Confirm with . or Enter, or press ? or * to list all spells.
You don't have enough magic to cast this spell.
You fail to use your ability.
Casting: Sandblast (safe; 1% risk of failure)
Confirm with . or Enter, or press ? or * to list all spells.
Aiming: Sandblast (safe; 1% risk of failure)
Press: ? - help, Shift-Dir - straight line, f/p - steam dragon
Aim: a steam dragon (heavily wounded, 84% to hit)
The blast of sand hits the steam dragon.
The steam dragon is heavily wounded.
The steam dragon breathes steam at you. The ball of steam hits you!
You die...

####### #.#s..# ## ......#
#.## ..## ......# #..## ....
......# ###..## ....#
......#####..#..##yy.##
.................#yy.#......
......###...###..##.##.....##
......# #.####.†..#+#?......#
.<....# #.# #...@.#)#........
).†...# #.# #...D.###....=...
#.##### #.# #......#.........
#..# #.# #..†...#.........
##.# ..###......#.........
#.# .#................... #.#
#.......l...§......# #.#
#................... #.#
..#.................


You could see a steam dragon (catching breath) and an iguana.

Vanquished Creatures
  A black bear (D:5)
  2 phantoms
  A bullfrog (D:6)
  2 scorpions (D:5)
  A bombardier beetle (D:4)
  2 hounds (D:5)
  An orc priest (D:4)
  A sleepcap (D:4)
  An iguana (D:6)
  2 orc wizards (D:4)
  9 gnolls
  9 adders
  A white imp (D:5)
  2 ufetubi (D:5)
  4 dart slugs
  4 ribbon worms
  7 orcs
  8 endoplasms
  5 giant cockroaches
  9 goblins
  7 hobgoblins
  11 jackals
  9 kobolds
  5 quokkas
  2 ball pythons
  5 bats
  2 frilled lizards
  A rat (D:3)
114 creatures vanquished.

Notes
Turn   | Place    | Note
-------+----------+-------------------------------------------
     0 | D:1      | Arcadio the Gargoyle Earth Elementalist began the quest for
                  | the Orb.
     0 | D:1      | Reached XP level 1. HP: 10/10 MP: 3/3
   189 | D:1      | Reached XP level 2. HP: 15/15 MP: 1/5
   265 | D:1      | Reached skill level 1 in Armour
   512 | D:1      | Reached skill level 4 in Earth Magic
   969 | D:2      | Reached XP level 3. HP: 19/19 MP: 3/6
  1094 | D:2      | Reached XP level 4. HP: 13/24 MP: 0/8
  1201 | D:2      | Learned a level 3 spell: Stone Arrow
  1206 | D:2      | Learned a level 4 spell: Brom's Barrelling Boulder
  2073 | D:2      | Reached XP level 5. HP: 28/28 MP: 5/9
  2384 | D:3      | Found a shimmering blue altar of Sif Muna.
  2391 | D:3      | Became a worshipper of Sif Muna the Loreminder
  2426 | D:3      | You fall into a shaft and drop 1 floor!
  2539 | D:3      | Reached skill level 5 in Earth Magic
  2839 | D:3      | Found a glowing golden altar of the Shining One.
  3157 | D:4      | Reached XP level 6. HP: 24/32 MP: 2/11
  3414 | D:4      | Found an opulent altar of Gozag.
  3422 | D:4      | Reached * piety under Sif Muna
  3549 | D:4      | Found a sparkling altar of Nemelex Xobeh.
  3868 | D:4      | Reached XP level 7. HP: 36/36 MP: 9/13
  3917 | D:4      | Found a radiant altar of Vehumet.
  3956 | D:5      | Entered Level 5 of the Dungeon
  3967 | D:5      | Reached skill level 6 in Earth Magic
  4363 | D:5      | Found Rucw's Magic Scroll Shop.
  4469 | D:5      | Bought a scroll of blinking for 105 gold pieces
  4469 | D:5      | Bought a scroll of identify for 28 gold pieces
  4527 | D:5      | Reached skill level 5 in Armour
  4602 | D:5      | Found a shimmering altar of Xom.
  5141 | D:5      | Reached XP level 8. HP: 40/41 MP: 5/15
  5310 | D:6      | Reached skill level 7 in Earth Magic
  5346 | D:6      | Found the +9 staff of Olgreb {rPois∞}
  5349 | D:6      | Found a runed translucent gate.
  5349 | D:6      | Found a runed translucent gate.
  5358 | D:6      | Reached skill level 5 in Spellcasting
  5437 | D:6      | Killed from afar by a steam dragon

Illustrated notes

Levels and vault maps discovered:
D:1:      ebering_trefoil_twist, layout_loops_ring, kennysheep_crisscross,
          minmay_tetromino_t4
D:2:      layout_basic, kennysheep_generic_room_9
D:3:      layout_loops_ring, marbit_many_paths, mainiacjoe_overflow_24_doors
D:4:      layout_loops_ring, nicolae_vehumet_altar_sigil,
          mainiacjoe_overflow_alcove_1, mainiacjoe_overflow_small_starburst,
          chequers_serial_rivers_marsh
D:5:      layout_loops_ring, xom_teletrap_fun, serial_shops, shop
D:6:      layout_rooms, okawaru_altar_gauntlet_db, slow_altar_1,
          lemuel_tele_altar, minmay_guarded_unrand_staff_of_olgreb

Skill      XL: |  1  2  3  4  5  6  7  8 |
---------------+-------------------------+-----
Armour         | 1 2 3 4 5 |  5.6
Earth Magic    | 4 5 6 7 |  7.2
Spellcasting   | 3 4 5 |  5.1
Dodging        | |  1.5
Stealth        | |  2.1
Conjurations   | |  1.1

Action                     |  1- 3 |  4- 6 |  7- 9 || total
---------------------------+-------+-------+-------++-------
  Melee: Mace              |    15 |       |       ||    15
         War axe           |     3 |    42 |       ||    45
         Dagger            |       |    12 |    10 ||    22
   Cast: Sandblast         |    33 |    99 |    36 ||   168
         Stone Arrow       |       |       |    21 ||    21
    Use: Scroll            |       |     5 |     1 ||     6
   Stab: Sleeping          |       |     2 |     1 ||     3
 Armour: Robe              |    18 |    60 |    34 ||   112
  Dodge: Dodged            |    12 |    52 |    34 ||    98
